 Dungeon Crawl Stone Soup version 0.18.1-48-g4cf74bf (webtiles) character file.

125 MistressOfTheDunes the Insei (level 4, -1/35 HPs)
             Began as a Mummy Monk on June 26, 2016.
             Killed from afar by Natasha (8 damage)
             ... with a magic dart
             ... on level 2 of the Dungeon.
             The game lasted 00:02:06 (3196 turns).

MistressOfTheDunes the Insei (Mummy Monk)           Turns: 3196, Time: 00:02:06

Health: -1/35      AC:  0    Str: 14    XL:     4   Next: 82%
Magic:  4/4        EV: 13    Int:  9    God:
Gold:   72         SH:  0    Dex: 15    Spells: 0 memorised, 3 levels left

rFire  x . .     SeeInvis .       - Unarmed
rCold  + . .     Gourm    .     (no armour)
rNeg   + + +     Faith    .     (no shield)
rPois  ∞         Spirit   .     (no helmet)
rElec  .         Dismiss  .     (no cloak)
rCorr  .         Reflect  .     (no gloves)
SustAt .         Harm     .     (no boots)
MR     .....                    (no amulet)
Stlth  ++........               (no ring)
                                (no ring)

@: not resistant to hostile enchantments, unstealthy
A: no food or potions, fire vulnerability, cold resistance 1, negative energy
resistance 3, torment resistance, unbreathing
a: no special abilities


You were on level 2 of the Dungeon.
You were not hungry.

You visited 1 branch of the dungeon, and saw 3 of its levels.

You collected 72 gold pieces.


Innate Abilities, Weirdness & Mutations

You do not eat or drink.
Your flesh is vulnerable to fire.
You are immune to poison.
Your flesh is cold resistant.
You are immune to negative energy.
You are immune to unholy pain and torment.
You can survive without breathing.


   Skills:
 + Level 3.0 Fighting
 - Level 2.4 Dodging
 - Level 1.5 Stealth
 - Level 5.1 Unarmed Combat


You had 3 spell levels left.
You didn't know any spells.

Inventory:

Jewellery
 d - an uncursed amulet of guardian spirit {unknown}
Scrolls
 a - 2 scrolls of teleportation {unknown}
 b - a scroll of immolation {unknown}
 c - 3 scrolls of magic mapping {unknown}
 e - a scroll of identify {unknown}

Dungeon Overview and Level Annotations

Branches:
Dungeon (3/15)

Altars:
Gozag
Sif Muna

Annotations:
D:2 Natasha

,,,░░░░,,,░░░░░░░,░ ░,░ ░,
░░,,,,,,,,,.....▒,░░░░░░,░░░
░░
░░,░░░,_,░▒▒....<,,,),,,,,,░
░,░ ░,,.▒▒...▒.▒,,,,,,,,░,░
░░,░░░░░........▒░░░░░░░░░,░
,,,,,░░░▒.......▒▒ ░,░░░░░░
░░,,,,,,.........▒▒ ░,[,,,,,
░,░,░░░▒.......h5▒ ░░░░░░░░
░,░,░ ░▒......M.▒ ░,░,░
▒▒.......▒ ░░,░,░ ▒▒▒▒...▒▒
,,,,,░ ▒.▒▒▒ ,,,░,░░ ▒.▒
░░░░,,░ ▒.▒ ░,,░ ▒.▒ ░,,░
▒.▒ ░,,░ ▒.▒


You could see Natasha and a shadow imp.


Message History

You are too injured to fight recklessly!!!
You are too injured to fight recklessly!!!
You are too injured to fight recklessly!!!
You are too injured to fight recklessly!!!
You are too injured to fight recklessly!!!
You are too injured to fight recklessly!!!
You are too injured to fight recklessly!!!
You are too injured to fight recklessly!!!
You are too injured to fight recklessly!!!
You beat Natasha into a bloody pulp!
Natasha is moderately wounded!
The shadow imp hits you! * * * don't die
* * * Natasha claws you!!! * * * don't die
* * * You beat Natasha into a bloody pulp!
Natasha is heavily wounded!
The shadow imp hits you! * * * don't die
* * * You pummel Natasha like a punching bag!
Natasha is severely wounded!
Natasha misses you! The shadow imp closely misses you!
You closely miss Natasha!
Natasha is severely wounded!
Natasha closely misses you! The shadow imp misses you!
You barely miss Natasha!
Natasha is severely wounded!
Natasha stares at you and mumbles some strange words!
The magic dart hits you!!! rip

Action                   |  1- 3 |  4- 6 || total
-------------------------+-------+-------++-------
Melee: Unarmed           |   155 |    43 ||   198
       Punch             |     1 |       ||     1
 Stab: Distracted        |     1 |       ||     1
       Sleeping          |     5 |       ||     5
Dodge: Dodged            |   121 |    19 ||   140

Vault maps used:
D:1:      lemuel_arrival_rhombus
D:2:      overflow_temple_1_default, nicolae_gozag_seed_capital,
          ecumenical_altar_2, uniq_natasha
D:3:      kiku_gazebo_garden_becter, uniq_jessica

Notes
Turn   | Place    | Note
--------------------------------------------------------------
     0 | D:1      | MistressOfTheDunes the Mummy Monk began the quest for the Orb.
     0 | D:1      | Reached XP level 1. HP: 18/18 MP: 1/1
    88 | D:1      | HP: 1/18 [hobgoblin/club (4)]
   472 | D:1      | Reached XP level 2. HP: 8/24 MP: 2/2
   824 | D:1      | HP: 2/24 [dart slug (2)]
  1182 | D:1      | Reached skill level 4 in Unarmed Combat
  1592 | D:1      | Reached XP level 3. HP: 25/29 MP: 3/3
  1903 | D:2      | Found a deep blue altar of Sif Muna.
  1906 | D:2      | Found a faded altar to an unknown god.
  2243 | D:2      | Found an opulent altar of Gozag.
  2550 | D:2      | Reached XP level 4. HP: 35/35 MP: 4/4
  2808 | D:2      | Noticed Natasha
  2815 | D:2      | Killed Natasha
  2971 | D:2      | Noticed Natasha
  2984 | D:2      | Killed Natasha
  2984 | D:2      | Reached skill level 5 in Unarmed Combat
  3186 | D:2      | Noticed Natasha
  3196 | D:2      | Killed from afar by Natasha

Vanquished Creatures
  Natasha (twice) (D:2)
  An adder (D:2)
  An ooze (D:1)
  A worm (D:2)
  2 dart slugs (D:1)
  2 giant geckos
  A giant cockroach (D:1)
  8 goblins
  9 hobgoblins
  6 jackals
  A quokka (D:2)
  6 bats
  5 kobolds (D:1)
  2 rats (D:1)
47 creatures vanquished.
